AoeStats
← SupremeSEITAN

Arena

510167243Analyzed
4v4 RM · 2d ago on Sep 29, 2026· 36m 3s· 8 players
Game mode
Random Map
Map size
Large (8 player)
Population
200
Speed
Normal
Resources
Standard
Victory
Conquest
Starting age
Dark Age
Ending age
Imperial Age
RankedLock teamsTeams togetherTeam positionsShared explorationLock speedFull tech treeHidden civsTurbo modeCheats
Victory
Defeat
🇪🇸 Teutons · Spain
963
+15
🇳🇱 Romans · Netherlands
921
+17
🇪🇸 Celts · Spain
916
+17
🇳🇱 Georgians · Netherlands
788
+23
🇭🇰 Franks · Hong Kong SAR China
972
-19
🇫🇷 Maya · France
936
-18
🇹🇷 Burgundians · Türkiye
929
-18
🇺🇸 Bulgarians · United States
921
-17
sonsehzadee
1:18 Wheelbarrow
5:35 Loom
12:32 Feudal Age
13:41 Hand Cart
14:54 Horse Collar
15:15 Double-Bit Axe
15:56 Heavy Plow
16:56 Bow Saw
21:15 Castle Age
19:08 Stone Mining
20:41 Stone Shaft Mining
20:02 Gold Mining
29:44 Pikeman
Gauntlet
10:21 Feudal Age
12:21 Forging
12:21 Arson
13:18 Horse Collar
13:59 Double-Bit Axe
18:34 Loom
20:16 Scale Barding Armor
22:42 Castle Age
21:23 Bloodlines
21:25 Fletching
BillyBat
11:39 Feudal Age
12:56 Wheelbarrow
16:48 Castle Age
14:59 Stone Mining
14:57 Double-Bit Axe
15:09 Gold Mining
15:17 Horse Collar
18:46 Bow Saw
24:23 Hand Cart
24:14 Heavy Plow
2487664814
3:29 Loom
13:40 Feudal Age
18:04 Castle Age
15:52 Double-Bit Axe
18:06 Gold Mining
18:07 Stone Mining
20:43 Bow Saw
22:48 Scale Barding Armor
27:35 Wheelbarrow
29:45 Light Cavalry
31:30 Forging
33:49 Iron Casting
Rad el Bárbaro
5:06 Loom
9:20 Feudal Age
13:51 Double-Bit Axe
17:35 Castle Age
17:32 Scale Mail Armor
17:42 Forging
17:51 Scale Mail Armor
18:02 Forging
18:49 Chain Mail Armor
19:17 Horse Collar
19:12 Man-at-Arms
21:41 Heavy Plow
21:51 Long Swordsman
22:11 Long Swordsman
27:40 Town Watch
28:27 Squires
32:48 Iron Casting
SupremeSEITAN
11:42 Feudal Age
15:24 Castle Age
27:05 Ballistics
26:43 Double-Bit Axe
28:23 Wheelbarrow
paingemBN
10:24 Feudal Age
8:40 Loom
15:27 Castle Age
15:05 Wheelbarrow
14:39 Double-Bit Axe
14:49 Man-at-Arms
15:27 Horse Collar
17:39 Bow Saw
17:41 Scale Mail Armor
17:51 Forging
18:08 Long Swordsman
21:40 Gambesons
25:22 Chain Mail Armor
25:18 Forging
26:06 Squires
25:52 Arson
26:02 Fletching
27:35 Iron Casting
35:42 Imperial Age
35:58 Two-Handed Swordsman
37:12 Plate Mail Armor
Ruli
12:33 Feudal Age
13:04 Double-Bit Axe
13:02 Horse Collar
19:06 Castle Age
20:44 Bow Saw
24:29 Wheelbarrow
24:55 Forging
28:20 Scale Barding Armor
28:33 Heavy Plow
Connection lost

Rejoining the realm…

Still unreachable

The connection could not be restored.

Session expired

The server has moved on; the page needs a fresh start.